 Dungeon Crawl Stone Soup version 0.25-a0-55-g0753fd1ad2 (webtiles) character file.

Game seed: 4220046954886571302, levelgen mode: deterministic

72 Gumption the Insei (level 4, 0/43 HPs)
             Began as an Octopode Transmuter on Oct 24, 2019.
             Succumbed to an adder's poison
             ... on level 2 of the Dungeon on Oct 25, 2019.
             The game lasted 00:30:38 (2485 turns).

Gumption the Insei (Octopode Transmuter)            Turns: 2485, Time: 00:30:39

Health: 0/43       AC: 22    Str:  9    XL:     4   Next: 26%
Magic:  7/7        EV:  2    Int: 16    God:
Gold:   85         SH:  6    Dex: 12    Spells: 1/7 levels left

rFire    . . .     SeeInvis .   a - +0 dagger
rCold    . . .     Gourm    .   l - +0 shield
rNeg     + + +     Faith    .   (helmet currently unavailable)
rPois    +         Spirit   .   (no amulet)
rElec    .         Reflect  .   (no ring)
rCorr    .         Harm     .   (no ring)
MR       .....     NoTele   +   (no ring)
Stlth    ++........             (no ring)
HPRegen  0.14/turn              (no ring)
MPRegen  0.10/turn              (no ring)
                                (no ring)
                                (no ring)

@: lethally poisoned (0 -> -3), tree-form
A: almost no armour, stealthy swim, (amphibious), 8 rings, (constrict 8)
a: no special abilities


You were on level 2 of the Dungeon.
You were very hungry.
You were a tree.
You visited 1 branch of the dungeon, and saw 2 of its levels.

You collected 85 gold pieces.

Inventory:

Hand Weapons
 a - a +0 dagger (weapon)
 i - a +0 hunting sling
Missiles
 b - 13 sling bullets
 c - 12 arrows
 k - 20 stones (quivered)
Armour
 l - a +0 shield (worn)
Scrolls
 d - 2 scrolls of magic mapping
 f - a scroll of fog
 h - a scroll of identify {unknown}
 j - a scroll of random uselessness {unknown}
 m - a scroll of teleportation {unknown}
Potions
 g - a potion of lignification
 n - a potion of brilliance {unknown}
Comestibles
 e - 3 rations


   Skills:
 + Level 1.8 Fighting
 + Level 2.5 Dodging
 + Level 2.1 Stealth
 - Level 3.0 Unarmed Combat
 + Level 2.4 Spellcasting
 + Level 2.5 Transmutations
 + Level 1.0 Poison Magic


You had one spell level left.
You knew the following spells:

 Your Spells              Type           Power        Failure   Level  Hunger
a - Beastly Appendage     Tmut           ##....       45%         1    #......
b - Sticks to Snakes      Tmut           ##......     58%         2    ###....
c - Spider Form           Tmut/Pois      #.........   89%         3    ###....

Your spell library contained the following spells:

 Spells                   Type           Power        Failure   Level  Hunger
 Ice Form                 Ice/Tmut       #.......     100%        4    #####..
 Blade Hands              Tmut           ##........   100%        5    ######.


Dungeon Overview and Level Annotations

Branches:
Dungeon (2/15)

Altars:


Innate Abilities, Weirdness & Mutations

You cannot wear most types of armour.
You are very stealthy in the water. (Stealth+)
((You are amphibious.))
You can wear up to eight rings at the same time.
((You can use your tentacles to constrict eight enemies at once.))
((Your skin changes colour to match your surroundings (Stealth+).))
((Your rubbery body absorbs attacks. (AC +1, EV +1)))


Message History

The hobgoblin hits you but does no damage.
You hit the hobgoblin. You punch the hobgoblin.
You kill the hobgoblin!
* * * LOW HITPOINT WARNING * * *
You feel sick.
You hit the kobold but do no damage.
* * * LOW HITPOINT WARNING * * *
You feel sick. The kobold hits you but does no damage.
You miss the kobold. You block the kobold's attack.
You hit the kobold.
The kobold is moderately wounded.
* * * LOW HITPOINT WARNING * * *
You feel sick. You block the kobold's attack.
You hit the kobold but do no damage.
The kobold is moderately wounded.
The kobold hits you but does no damage.
Your magical contamination has completely faded away.
You hit the kobold but do no damage.
The kobold is moderately wounded.
You die...

#### ### #..#############.#
#.............♣K.########*
#.##########.###........<****** #
#.# #.# #..######.,,,,,, # #.#
#.###..## *,,,,,,,,
###.##########...#...###*,*,,,,,,
.......................##+##,,,,,
........########..#....#≈≈≈#,,,,,
#..####..########......'≈≈≈+,****
##.# ##...............#≈≈≈#**


You could see a kobold.

Vanquished Creatures
  A gnoll (D:1)
  2 adders (D:2)
  2 dart slugs
  7 bats
  2 giant cockroaches (D:1)
  3 goblins
  8 hobgoblins
  3 kobolds
  2 ball pythons
  3 frilled lizards
  9 rats
42 creatures vanquished.

Notes
Turn   | Place    | Note
-------+----------+-------------------------------------------
     0 | D:1      | Gumption the Octopode Transmuter began the quest for the
                  | Orb.
     0 | D:1      | Reached XP level 1. HP: 13/13 MP: 3/3
   717 | D:1      | Reached skill level 1 in Stealth
   717 | D:1      | Reached XP level 2. HP: 18/18 MP: 3/5
   734 | D:1      | Learned a level 2 spell: Sticks to Snakes
  1126 | D:1      | Reached XP level 3. HP: 17/23 MP: 4/6
  1131 | D:1      | Learned a level 3 spell: Spider Form
  2243 | D:2      | Reached XP level 4. HP: 25/29 MP: 5/7
  2394 | D:2      | Reached skill level 1 in Poison Magic
  2481 | D:2      | HP: 2/43 [poisoned by an adder]
  2485 | D:2      | Succumbed to an adder's poison

Levels and vault maps discovered:
D:1:      lemuel_arrival_river_ford, layout_loops_ring, minmay_distorted
D:2:      layout_rooms, first_ration, minmay_liquid_box

Table legend:
 A = Non-vault XP
 B = Vault XP
 C = Vault XP percentage of total XP
 D = Non-vault monster count
 E = Vault monster count
 F = Vault count percentage of total count
                 A         B        C        D         E       F
            +---------+---------+-------+---------+---------+-------
      Total |      98 |       6 |   5.8 |      38 |       4 |   9.5
            +---------+---------+-------+---------+---------+-------
        D:1 |      51 |       6 |  10.5 |      24 |       4 |  14.3
        D:2 |      47 |       0 |   0.0 |      14 |       0 |   0.0
            +---------+---------+-------+---------+---------+-------
